 Dungeon Crawl Stone Soup version 0.29-a0-330-g52719c12eb (webtiles) character file.

Game seed: 7458351443427919605

75 sking99 the Bolt Thrower (level 4, -3/34 HPs)
             Began as a Demonspawn Hunter on May 18, 2022.
             Slain by a gnoll
             ... wielding a +0 flail
              (6 damage)
             ... on level 2 of the Dungeon.
             The game lasted 00:05:02 (1638 turns).

sking99 the Bolt Thrower (Demonspawn Hunter)        Turns: 1638, Time: 00:05:03

Health: -3/34      AC:  9    Str: 13    XL:     4   Next: 11%
Magic:  4/4        EV:  6    Int: 10    God:
Gold:   65         SH:  0    Dex: 17    Spells: 3/3 levels left

rFire   . . .      SeeInvis .   a - +1 hand crossbow
rCold   . . .      Faith    .   (no shield)
rNeg    . . .      Spirit   .   r - +0 chain mail
rPois   .          Reflect  .   (helmet restricted)
rElec   .          Harm     .   p - +0 cloak
rCorr   .          Rampage  .   (no gloves)
Will    .....                   (no boots)
Stlth   ..........              g - amulet of regeneration
HPRegen 0.91/turn               (no ring)
MPRegen 0.18/turn               (no ring)

@: no status effects
A: antennae 1, magic regeneration
a: no special abilities


You were on level 2 of the Dungeon.
You visited 1 branch of the dungeon, and saw 3 of its levels.

You collected 95 gold pieces.
You spent 30 gold pieces at shops.

Inventory:

Hand Weapons
 a - a +1 hand crossbow (weapon)
Armour
 p - a +0 cloak (worn)
 r - a +0 chain mail (worn)
Jewellery
 g - an amulet of regeneration (around neck)
 s - an amulet of reflection
Scrolls
 c - 2 scrolls of immolation
 e - a scroll of enchant armour {unknown}
 h - 2 scrolls of fog {unknown}
 l - 2 scrolls of identify {unknown}
 m - a scroll of teleportation {unknown}
 o - a scroll of magic mapping {unknown}
 q - a scroll of fear {unknown}
Potions
 b - 2 potions of might {unknown}
 d - a potion of mutation {unknown}
 f - 2 potions of degeneration {unknown}
 i - 2 potions of curing
 j - 2 potions of magic {unknown}
 k - a potion of invisibility {unknown}
 n - a potion of resistance {unknown}
 t - a potion of attraction {unknown}


   Skills:
 + Level 2.7 Fighting
 * Level 4.4 Crossbows
 + Level 2.5 Dodging
 - Level 1.0 Stealth


You had 3 spell levels left.
You didn't know any spells.
Your spell library was empty.

Dungeon Overview and Level Annotations

Branches:
Dungeon (3/15)

Altars:

Shops:
D:1 *?!=(   D:3 *


Innate Abilities, Weirdness & Mutations

You have a pair of small antennae on your head.
You regenerate magic rapidly.


Message History

Things that are here:
a +2 flail of protection; an orc corpse
Things that are here:
a +0 dagger; a +0 leather armour; an orc corpse A gnoll comes into view.
It is wielding a +0 flail.
The gnoll shouts!
A gnoll comes into view. It is wielding a +0 flail.
You shoot a bolt. The bolt hits the gnoll.
The gnoll is lightly wounded.
You shoot a bolt.
The bolt hits the gnoll but does no damage.
The gnoll is lightly wounded.
There is a stone staircase leading up here.
You climb upwards.
There is a stone staircase leading down here.
You climb downwards.
The gnoll hits you with a +0 flail. x2
There is a stone staircase leading up here.
The gnoll hits you with a +0 flail. The gnoll hits you but does no damage.
You climb upwards.
There is a stone staircase leading down here.
The gnoll hits you with a +0 flail. x2
The gnoll closely misses you. The gnoll attacks as you move away!
The gnoll hits you with a +0 flail. The gnoll attacks as you move away!
The gnoll hits you with a +0 flail! The gnoll attacks as you move away!
The gnoll hits you with a +0 flail. The gnoll attacks as you move away!
The gnoll hits you with a +0 flail.
* * * LOW HITPOINT WARNING * * *
Shoot: a) +1 hand crossbow
Press: ? - help, Q - select action Shift-Dir - straight line, f - gnoll
Aim: a gnoll, wielding a +0 flail (69% to hit)
You shoot a bolt.
The bolt hits the gnoll but does no damage.
The gnoll hits you with a +0 flail!
* * * LOW HITPOINT WARNING * * *
The gnoll hits you but does no damage. The gnoll attacks as you move away!
The gnoll completely misses you. The gnoll attacks as you move away!
The gnoll hits you with a +0 flail.
* * * LOW HITPOINT WARNING * * *
The gnoll attacks as you move away! The gnoll hits you with a +0 flail.
You die...

#................#.#.#
#........#.##.##.#.#.####
#........#.##.##.#.#.....
##....>#.............###.
#.....#[#.##.##.#.#># #.
###.###.#.##.##.#.#.# #.
#.....#.......#.#.###.
#.########.####.......
#...g@.....# ###.###.
#...g......# #.# #.
##########.# #.# #. #.#
#.# #. #.######.###.
#............
#############


You could see 2 gnolls.

Vanquished Creatures
  2 adders (D:2)
  2 worms (D:2)
  6 orcs (D:3)
  7 bats
  3 endoplasms
  3 giant cockroaches
  6 goblins
  A hobgoblin (D:2)
  A quokka (D:2)
  2 ball pythons (D:1)
  2 frilled lizards
  5 kobolds
  3 rats
43 creatures vanquished.

Notes
Turn   | Place    | Note
-------+----------+-------------------------------------------
     0 | D:1      | sking99 the Demonspawn Hunter began the quest for the Orb.
     0 | D:1      | Reached XP level 1. HP: 16/16 MP: 1/1
    24 | D:1      | Reached skill level 1 in Stealth
   129 | D:1      | Gained mutation: You have a pair of small antennae on your
                  | head. [demonic ancestry]
   129 | D:1      | Reached XP level 2. HP: 22/22 MP: 2/2
   183 | D:1      | Found Hapiqoxku's General Store.
   209 | D:1      | Found Ivyw's Magic Scroll Emporium.
   259 | D:1      | Bought a potion of curing for 30 gold pieces
   296 | D:1      | Found Toviv's Jewellery Shoppe.
   297 | D:1      | Found a faded altar of an unknown god.
   310 | D:1      | Found Xofe Awi's Distillery.
   330 | D:1      | Found Zetrav's Antique Weapon Shop.
   352 | D:1      | Reached skill level 4 in Crossbows
   686 | D:2      | Gained mutation: You regenerate magic rapidly. [demonic
                  | ancestry]
   686 | D:2      | Reached XP level 3. HP: 28/28 MP: 3/3
  1411 | D:3      | Found Ufatuida's Assorted Antiques.
  1515 | D:3      | Reached XP level 4. HP: 34/34 MP: 4/4
  1638 | D:2      | Slain by a gnoll

Illustrated notes

Levels and vault maps discovered:
D:1:      scummos_arrival_hexagon, layout_rooms, serial_curves, eino_curves_02,
          eino_curves_02, eino_curves_02, eino_curves_03,
          ebering_ecumenical_altar_abandoned, serial_shops, shop, shop,
          nicolae_lakefront_shop, nicolae_square_shop, nicolae_shop_trees,
          nrook_mini_vaults
D:2:      layout_loops_ring
D:3:      layout_rooms, mainiacjoe_overflow_big_doors, gammafunk_ghost_split,
          serial_shops, shop, uniq_sigmund

Skill      XL: |  1  2 |
---------------+-------+-----
Stealth        | 1 |  1.0
Dodging        | 2 |  2.5
Crossbows      | 4 |  4.4
Fighting       | |  2.7

Action                   |  1- 3 |  4- 6 || total
-------------------------+-------+-------++-------
 Fire: Hand crossbow     |    99 |    20 ||   119
Armor: Leather armour    |     5 |       ||     5
       Chain mail        |    18 |     8 ||    26
Dodge: Dodged            |    26 |     3 ||    29

Table legend: (Time is in decaauts)
 A = Elapsed time spent in this place.
 B = Non-inter-level travel time spent in this place.
 C = Inter-level travel time spent in this place.
 D = Time resting spent in this place.
 E = Time spent auto-exploring this place.
 F = Levels seen in this place.
 G = Mean time per level.
                   A        B        C        D        E       F      G
               +--------+--------+--------+--------+--------+-----+--------+
         Total |   1711 |   1593 |    118 |    200 |    930 |   3 |  570.3 |
       Dungeon |   1711 |   1593 |    118 |    200 |    930 |   3 |  570.3 |
               +--------+--------+--------+--------+--------+-----+--------+

Top non-repeatable levels by time:
     D:2: 901 daAuts
     D:1: 620 daAuts
     D:3: 189 daAuts
